 Dungeon Crawl Stone Soup version 0.31-a0-875-g02e7d12df6 (console) character file.

Game seed: 16294967926253296435

653 petzl the Sneak (level 7, -2/53 (55) HPs)
             Began as a Formicid Delver on Oct 12, 2023.
             Was an Initiate of Vehumet.
             Succumbed to a kobold brigand's poison
             ... on level 6 of the Dungeon.
             The game lasted 00:15:47 (4080 turns).

petzl the Sneak (Formicid Delver)                   Turns: 4080, Time: 00:15:48

HP:   -2/53 (55)    AC:  7    Str: 17      XL:     7   Next: 84%
MP:   13/13         EV: 12    Int:  9 (11) God:    Vehumet [......]
Gold: 278           SH:  0    Dex: 14 (15) Spells: 14/14 levels left

rFire   . . .        a - +2 short sword (drain)
rCold   . . .        (no shield)
rNeg    . . .        r - +0 ring mail
rPois   .            (helmet unavailable)
rElec   .            u - +1 cloak
rCorr   .            (no gloves)
SInv    +            (no boots)
Will    +....        (no amulet)
Stlth   ++           (no ring)
HPRegen 0.28/turn    (no ring)
MPRegen 0.13/turn

%: no passive effects
@: lethally poisoned (-2 -> -21), enlightened, flying, lightly drained
A: permanent stasis, dig shafts and tunnels, antennae 3, four strong arms
a: Dig, Shaft Self, Renounce Religion


You were on level 6 of the Dungeon.
You worshipped Vehumet.
Vehumet was noncommittal.
You visited 1 branch of the dungeon, and saw 6 of its levels.

You collected 278 gold pieces.

Inventory:

Hand Weapons
 a - a +2 short sword of draining (weapon)
 b - a +0 sling
 s - a +2 hammer of holy wrath
 y - a +2 dagger of electrocution {!f =f}
Missiles
 d - 23 poisoned darts
 l - 6 boomerangs
Armour
 i - a +0 leather armour
 r - a +0 ring mail (worn)
 u - a +1 cloak (worn)
Jewellery
 h - a +4 ring of slaying
Wands
 f - a wand of digging (3)
 x - a wand of flame (42)
Scrolls
 c - 4 scrolls of fog
 g - a scroll of identify
 n - a scroll of brand weapon {unknown}
 o - 2 scrolls of blinking {unknown}
 p - 2 scrolls of teleportation {unknown}
 z - 2 scrolls of vulnerability
 B - 2 scrolls of immolation
 D - a scroll of poison
Potions
 j - a potion of brilliance {unknown}
 k - a potion of resistance
 m - a potion of curing {unknown}
 q - a potion of attraction {unknown}
 v - a potion of enlightenment
 C - a potion of haste {unknown}


   Skills:
 + Level 4.7 Fighting
 - Level 2.0 Maces & Flails
 + Level 2.8 Ranged Weapons
 + Level 2.9 Armour
 + Level 3.3 Dodging
 - Level 6.0 Stealth
 * Level 4.1 Spellcasting
 - Level 2.0 Evocations


You had 14 spell levels left.
You didn't know any spells.
Your spell library contained the following spells:

 Spells                   Type           Power      Damage    Failure   Level
 Slow                     Hex            4%         N/A       43%         1
 Wereblood                Tmut           1%         N/A       58%         2
 Confusing Touch          Hex            1%         N/A       82%         3
 Sigil of Binding         Hex            1%         N/A       82%         3
 Vampiric Draining        Necr           1%         2d6       82%         3
 Irradiate                Conj/Tmut      0%         3d11      100%        5


Dungeon Overview and Level Annotations

Branches:
Dungeon (6/15)
 Temple: D:4-7

Altars:
Cheibriados
Vehumet
The Shining One

Annotations:
D:3 1 runed translucent door, Crazy Yiuf
D:4 exclusion: downstairs
D:5 exclusion: 2 downstairs
D:6 Sigmund


Innate Abilities, Weirdness & Mutations

You cannot be hasted, slowed, berserked, paralysed or teleported.
You can dig through walls and to a lower floor.
You have a pair of large antennae on your head. (SInv)
Your four strong arms can wield two-handed weapons with a shield.


Message History

You are more poisoned.
You barely miss the kobold brigand.
The kobold brigand is lightly wounded.
You feel very sick. The kobold brigand misses you.
You closely miss the kobold brigand.
The kobold brigand is lightly wounded.
You feel very sick.
The kobold brigand hits you with a +0 whip of venom.
You are lethally poisoned!
You hit the kobold brigand. You drain the kobold brigand.
The kobold brigand is moderately wounded.
* * * LOW HITPOINT WARNING * * *
You feel very sick.
The kobold brigand hits you with a +0 whip of venom.
* * * LOW HITPOINT WARNING * * *
You are more poisoned.
You closely miss the kobold brigand.
The kobold brigand is moderately wounded.
* * * LOW HITPOINT WARNING * * *
You feel extremely sick. The kobold brigand misses you.
You feel much better.
You feel very sick.
The kobold brigand hits you with a +0 whip of venom.
* * * LOW HITPOINT WARNING * * *
You are more poisoned.
Unknown command.
Unknown command.
Unknown command.
It was a potion of enlightenment.
You feel very buoyant.
You fly up into the air.
* * * LOW HITPOINT WARNING * * *
You feel very sick.
The kobold brigand hits you with a +0 whip of venom.
* * * LOW HITPOINT WARNING * * *
As you read the scroll of fear, it crumbles to dust.
You assume a fearsome visage.
The kobold brigand looks frightened!
You die...

#............
#..........#.
#.....)......
#............
##........##.
#....<.....#.
#...........
#..........#
...........#
$..........#
#........#
###..l...####.#
:......<...##.#
..########....#######
{{ { #.......# {
#.#.....# { #.#.....#
{ #.####.......#
#...)K@.....<#
#####/..#.###≈≈≈#
##.≈...# .≈##
##≈~.......#
##≈~....### #.≈##≈.#
##.# ≈.# ~## .#


You could see a kobold brigand (fleeing, drained).

Vanquished Creatures
  A kobold brigand (D:4)
  A phantom (D:5)
  A scorpion (D:4)
  An orc priest (D:5)
  A jelly (D:5)
  Ijyb (D:4)
  Natasha (twice) (D:4)
  An iguana (D:5)
  2 orc wizards (D:4)
  3 gnolls (D:3)
  8 adders
  An ufetubus (D:4)
  3 worms (D:2)
  3 dart slugs
  4 orcs
  3 bats
  10 endoplasms
  5 giant cockroaches
  6 goblins
  12 hobgoblins
  3 jackals (D:4)
  17 kobolds
  2 quokkas
  7 ball pythons
  6 frilled lizards
  13 rats
117 creatures vanquished.

Vanquished Creatures (others)
  An orc wizard (D:4)
1 creature vanquished.

Grand Total: 118 creatures vanquished

Notes
Turn   | Place    | Note
-------+----------+-------------------------------------------
     0 | D:5      | petzl the Formicid Delver began the quest for the Orb.
     0 | D:5      | Reached XP level 1. HP: 18/18 MP: 1/1
     3 | D:6      | Noticed an iguana
    13 | D:5      | Noticed a kobold brigand
    14 | D:5      | Noticed a jelly
   192 | D:3      | You fall into a shaft and drop 2 floors!
   312 | D:4      | Noticed an orc wizard
   378 | D:2      | Reached XP level 2. HP: 17/24 MP: 2/2
   513 | D:1      | Reached skill level 1 in Spellcasting
   513 | D:1      | Reached XP level 3. HP: 29/29 MP: 4/4
   666 | D:1      | Reached skill level 1 in Evocations
  1049 | D:2      | Reached skill level 1 in Armour
  1049 | D:2      | Reached XP level 4. HP: 32/36 MP: 6/6
  1128 | D:2      | Reached skill level 1 in Ranged Weapons
  1441 | D:2      | Reached XP level 5. HP: 32/42 MP: 6/8
  1644 | D:3      | Found a faded altar of an unknown god.
  1723 | D:3      | Found a runed translucent door.
  1724 | D:3      | Noticed Crazy Yiuf
  1815 | D:3      | Found a glowing golden altar of the Shining One.
  2294 | D:4      | Found a snail-covered altar of Cheibriados.
  2294 | D:4      | Found a radiant altar of Vehumet.
  2439 | D:4      | Reached XP level 6. HP: 48/48 MP: 8/10
  2615 | D:4      | Noticed Natasha
  2622 | D:4      | Killed Natasha
  2625 | D:4      | Noticed Ijyb
  2643 | D:4      | Killed Ijyb
  2793 | D:4      | Reached XP level 7. HP: 33/55 MP: 11/11
  2967 | D:4      | Noticed Natasha
  2983 | D:4      | Killed Natasha
  3036 | D:4      | Became a worshipper of Vehumet
  3833 | D:6      | Noticed Sigmund
  4079 | D:6      | HP: 2/53 [kobold brigand/+0 whip of venom (6)]
  4080 | D:6      | Succumbed to a kobold brigand's poison

Illustrated notes

Levels and vault maps discovered:
D:1:      noname_arrival_rooms_in_the_neighbourhood, layout_basic
D:2:      minmay_diamond_boxcup, layout_rooms
D:3:      layout_loops_ring, pf_just_have_faith,
          shapermc_ecumenical_altar_pompeii, uniq_crazy_yiuf_cottage
D:4:      layout_basic, amcnicky_altar_gilded, lemuel_crystal_altar, uniq_ijyb,
          uniq_natasha
D:5:      layout_cave_pools
D:6:      layout_rooms, lemuel_tele_altar, minmay_temple_entry_grid,
          chequers_serial_rivers_small_b, uniq_sigmund, uniq_pikel

Skill      XL: |  1  2  3  4  5  6  7 |
---------------+----------------------+-----
Dodging        | 2 3 |  3.3
Spellcasting   | 1 2 3 4 |  4.1
Evocations     | 1 2 |  2.0
Armour         | 1 2 |  2.9
Ranged Weapons | 1 2 |  2.8
Fighting       | 4 |  4.7
Maces & Flails | |  2.0
Stealth        | |  6.0

Action                     |  1- 3 |  4- 6 |  7- 9 || total
---------------------------+-------+-------+-------++-------
  Melee: Mace              |    18 |       |     5 ||    23
         Short sword       |    19 |   101 |    74 ||   194
         Punch             |       |       |     1 ||     1
   Fire: Sling             |    66 |   134 |    63 ||   263
Ability: Shaft Self        |     1 |       |       ||     1
         Dig               |       |     1 |     1 ||     2
  Evoke: Wand              |       |       |     1 ||     1
    Use: Scroll            |     1 |       |     5 ||     6
         Potion            |       |       |     5 ||     5
   Stab: Sleeping          |       |       |     1 ||     1
 Armour: Leather armour    |    40 |    71 |    46 ||   157
         Ring mail         |       |       |     7 ||     7
  Dodge: Dodged            |    31 |    92 |    65 ||   188

Table legend: (Time is in decaauts)
 A = Elapsed time spent in this place.
 B = Non-inter-level travel time spent in this place.
 C = Inter-level travel time spent in this place.
 D = Time resting spent in this place.
 E = Time spent auto-exploring this place.
 F = Levels seen in this place.
 G = Mean time per level.
                   A        B        C        D        E       F      G
               +--------+--------+--------+--------+--------+-----+--------+
         Total |   4156 |   3930 |    226 |    782 |   1812 |   6 |  692.7 |
       Dungeon |   4156 |   3930 |    226 |    782 |   1812 |   6 |  692.7 |
               +--------+--------+--------+--------+--------+-----+--------+

Top non-repeatable levels by time:
     D:4: 1430 daAuts
     D:3: 842 daAuts
     D:2: 712 daAuts
     D:5: 574 daAuts
     D:1: 570 daAuts
     D:6: 26 daAuts
